 Dungeon Crawl Stone Soup version 0.19.1-1-g22dce08 (webtiles) character file.

98082 uglyjohn the Peltast (level 15, -4/190 HPs)
             Began as a Mottled Draconian Monk on Dec 28, 2016.
             Was the Champion of Qazlal.
             Slain by korthal's ghost (10 damage)
             ... on level 3 of the Swamp on Jan 4, 2017.
             The game lasted 01:46:49 (31120 turns).

uglyjohn the Peltast (Mottled Draconian Monk)      Turns: 31120, Time: 01:46:49

Health: -4/190     AC: 16    Str: 20    XL:     15   Next: 73%
Magic:  32/32      EV: 13    Int: 15    God:    Qazlal [******]
Gold:   1855       SH: 22    Dex: 14    Spells: 6 memorised, 11 levels left

rFire  . . .     SeeInvis .       - Unarmed
rCold  . . .     Gourm    .     (armour unavailable)
rNeg   . . .     Faith    .     Z - +0 shield
rPois  .         Spirit   .     (helmet restricted)
rElec  .         Reflect  .     n - +0 cloak (curse)
rCorr  .         Harm     .     s - +1 pair of gloves
MR     +....                    J - +0 pair of boots
Stlth  ..........               C - amulet of regeneration
                                x - ring of flight
                                G - ring of magical power

@: mighty, berserking, grasped by roots, protected from physical damage, repel
missiles, very quick
A: breathe sticky flame splash, unfitting armour, cold-blooded, AC +9
a: Breathe Sticky Flame, Upheaval, Elemental Force, Disaster Area, Renounce
Religion, Evoke Flight


You were on level 3 of the Swamp.
You worshipped Qazlal.
Qazlal was exalted by your worship.
You were not hungry.

You visited 4 branches of the dungeon, and saw 26 of its levels.

You collected 2166 gold pieces.
You spent 311 gold pieces at shops.

Inventory:

Missiles
 j - 775 stones (quivered)
Armour
 n - a cursed +0 cloak (worn)
 s - a +1 pair of gloves (worn)
 J - a +0 pair of boots (worn)
 Z - a +0 shield (worn)
Jewellery
 x - a ring of flight (right hand)
 C - an amulet of regeneration (around neck)
 G - a ring of magical power (left hand)
 M - an uncursed ring of protection from cold
 X - an uncursed ring of ice
Wands
 k - a wand of iceblast (3/15)
 m - a wand of iceblast (2/15)
 v - a wand of iceblast (4/15)
 y - a wand of paralysis (13/24)
 L - a wand of iceblast (3/15)
 P - a wand of flame (27/48)
 S - a wand of iceblast (4/15)
 U - a wand of lightning (3/15)
 W - a wand of lightning (0/15)
Scrolls
 e - 4 scrolls of remove curse
 f - 5 scrolls of recharging
 o - 2 scrolls of fear
 q - a scroll of blinking {unknown}
 u - 6 scrolls of enchant armour
 w - a scroll of vulnerability {unknown}
 z - 3 scrolls of teleportation
 E - 6 scrolls of amnesia
 F - 2 scrolls of enchant weapon
 I - 3 scrolls of holy word
 K - a scroll of magic mapping
 N - 4 scrolls of fog
 Q - a scroll of brand weapon
 Y - a scroll of silence
Potions
 c - a potion of invisibility
 d - 7 potions of curing
 h - a potion of haste
 i - 2 potions of cancellation
 p - a potion of heal wounds
 t - 3 potions of lignification
 A - a potion of magic
 B - 2 potions of resistance
 D - 3 potions of ambrosia
 O - 4 potions of brilliance
Books
 H - a book of Enchantments

   Spells                             Type                      Level
   a - Cause Fear                     Hexes                        4
   b - Yara's Violent Unravelling     Hexes/Transmutation          5
   c - Silence                        Hexes/Air                    5
   d - Deflect Missiles               Charms/Air                   6
   e - Discord                        Hexes                        8
Miscellaneous
 V - a lamp of fire
Comestibles
 a - 16 bread rations
 b - 3 slices of pizza
 g - 2 beef jerkies
 l - 16 meat rations
 T - 8 fruits


   Skills:
 - Level 10.3 Fighting
 - Level 12.0 Dodging
 - Level 1.7 Stealth
 - Level 15.0 Shields
 + Level 14.7 Unarmed Combat
 - Level 4.6 Spellcasting
 - Level 10.9 Invocations
 - Level 0.6 Evocations


You had 11 spell levels left.
You knew the following spells:

 Your Spells              Type           Power        Failure   Level  Hunger
a - Petrify               Tmut/Erth      #.......     99%         4    ####...
b - Infusion              Chrm           #...         17%         1    None
c - Regeneration          Chrm/Necr      #.........   56%         3    ###....
d - Apportation           Tloc           #.........   17%         1    None
e - Summon Butterflies    Summ           #.......     17%         1    None
f - Blink                 Tloc           N/A          28%         2    ##.....


Dungeon Overview and Level Annotations

Branches:
Dungeon (15/15)            Temple (0/1) D:5            Lair (6/6) D:8
  Swamp (3/4) Lair:2       Spider (0/4) Lair:4        Slime (0/5) Lair:5
    Orc (2/2) D:10            Elf (0/3) Orc:2        Vaults (0/5) D:13
 Depths: D:15

Altars:
Ashenzari
Gozag
Hepliaklqana
Nemelex Xobeh
Qazlal
Ru
Sif Muna
Yredelemnul
Beogh
Jiyva

Shops:
Orc:2 ([*=

Annotations:
Lair:6 exclusion: 4 oklob plants
Swamp:3 korthal's ghost, adept OgHu


Innate Abilities, Weirdness & Mutations

You can spit globs of burning liquid.
You can ignite nearby creatures when you spit burning liquid.
Your weird mottled scales are hard. (AC +9)
You cannot fit into any form of body armour.
You are cold-blooded and may be slowed by cold attacks.


Message History

Korthal's ghost is heavily damaged.
The shambling mangrove hits you!
* * * LOW HITPOINT WARNING * * *
You hit korthal's ghost but do no damage.
Korthal's ghost is heavily damaged.
Korthal's ghost closely misses you.
You miss korthal's ghost.
Korthal's ghost is heavily damaged.
You hit korthal's ghost but do no damage.
Korthal's ghost is heavily damaged.
Korthal's ghost hits you!!!
* * * LOW HITPOINT WARNING * * *
You block the shambling mangrove's attack.
You hit korthal's ghost but do no damage.
Korthal's ghost is heavily damaged.
You are too berserk!
You barely miss korthal's ghost.
Korthal's ghost is heavily damaged.
Korthal's ghost hits you!
You die...

.♣♣{{{{.♣♣♣.....♣♣♣♣♣
....{{{♣♣{.{{.{♣♣
....{{{♣{..{{{.♣
.♣.....♣♣.{{{{.♣
.{..{♣{.♣♣.{{{{♣
{{♣{..{{♣♣♣{{..♣
§.......♣♣{.♣♣♣♣
{{..{{{†W♣{....♣♣
{...{{{§{@.{{{..♣
.{{..{{{f{§.{..♣♣
♣.{...{§{§§♣♣{♣♣
....{{{{{.♣♣♣♣♣
...♣.{{{{.♣
{.{...{{{.♣ .....{{<♣
.{..{{{.{ ..{{{{{{♣


You could see a shambling mangrove and korthal's ghost.

Vanquished Creatures
  Frances (Swamp:1)
  2 thorn hunters (Swamp:2)
  An orc warlord (Orc:2)
  A stone giant (D:10)
  A yaktaur captain (D:13)
  The ghost of puissantveil the Cleaver, a journeyman MiBe of Trog (D:10)
  14 hydras
  A catoblepas (Lair:4)
  An ogre mage (Orc:2)
  2 alligators (Swamp:1)
  A tengu warrior (D:13)
  6 death yaks
  An orc high priest (Orc:2)
  A skeletal warrior (D:13)
  Nergalle (D:10)
  A fire crab (Lair:5)
  A shambling mangrove (Swamp:1)
  2 swamp dragons
  A spriggan druid (Swamp:2)
  7 hill giants
  The ghost of micr0chasm the Destroyer, a novice DECj of Vehumet (D:7)
  3 orc knights
  A deep elf mage (D:12)
  9 ugly things
  5 orc sorcerers
  5 elephants (Lair:3)
  A cyclops (Orc:2)
  5 black mambas
  A torpor snail (Lair:4)
  32 spiny frogs
  2 centaur skeletons
  9 komodo dragons
  2 yaktaurs (D:13)
  A kobold demonologist (D:14)
  A tengu conjurer (D:13)
  4 trolls
  The ghost of Rsteiner the Changer, an amateur NaTm (D:4)
  5 hornets
  3 two-headed ogres
  4 bog bodies
  19 slime creatures
  A meliai zombie (D:14)
  6 tyrant leeches
  35 blink frogs
  3 hippogriffs
  2 shadows
  Sigmund (D:2)
  3 spriggans
  A vampire (D:12)
  39 yaks
  A wraith (D:10)
  3 wyverns
  4 basilisks
  A steam dragon (D:11)
  A hungry ghost (D:11)
  A human (D:12)
  14 swamp worms
  5 wargs
  Menkaure (D:4)
  7 vampire mosquitoes
  10 water moccasins
  A sky beast (D:5)
  10 porcupines
  2 swamp drakes
  3 ice beasts
  An eye of draining (D:10)
  A black bear (D:11)
  30 orc warriors
  3 phantoms
  4 necrophages
  4 wolves (Lair:4)
  11 ogres
  5 centaurs
  3 big kobolds
  12 crocodiles
  30 bullfrogs
  Blork the orc (D:6)
  A water moccasin skeleton (D:5)
  2 wyvern skeletons
  5 scorpions
  13 killer bees
  8 wights (D:11)
  2 howler monkeys
  2 electric eels (Lair:6)
  9 crimson imps
  2 centaur zombies
  2 quasits
  5 jellies
  16 orc priests
  2 bullfrog skeletons
  5 hounds
  26 orc wizards
  4 iguanas
  Ijyb (D:2)
  10 worker ants
  A hound zombie (D:11)
  2 hound skeletons
  A worker ant zombie (D:6)
  18 adders
  4 shadow imps
  3 oozes
  An adder skeleton (D:5)
  A worm (D:2)
  A dart slug (D:2)
  4 leopard geckos
  68 orcs
  3 ball pythons
  7 giant cockroaches
  16 goblins
  5 hobgoblins
  20 jackals
  10 quokkas
  9 bats
  10 frilled lizards
  14 kobolds
  A leopard gecko zombie (D:7)
  A quokka skeleton (D:7)
  A quokka zombie (D:9)
  13 rats
  A spectral orc (D:8)
  5 briar patches (Swamp:3)
  44 fungi
  27 plants
827 creatures vanquished.

Vanquished Creatures (collateral kills)
  A tyrant leech (Lair:6)
  2 blink frogs
  A basilisk (Lair:5)
  An ogre (D:6)
  A centaur skeleton (D:10)
  2 orcs (D:6)
8 creatures vanquished.

Vanquished Creatures (others)
  An orc warrior (D:12)
  A centaur skeleton (D:12)
  An orc priest (D:12)
  An orc wizard (Orc:2)
  An orc (D:12)
  19 fungi
  15 plants
39 creatures vanquished.

Grand Total: 874 creatures vanquished

Notes
Turn   | Place    | Note
-------+----------+-------------------------------------------
     0 | D:1      | uglyjohn the Draconian Monk began the quest for the Orb.
     0 | D:1      | Reached XP level 1. HP: 19/19 MP: 1/1
   386 | D:1      | Reached XP level 2. HP: 26/26 MP: 2/2
   791 | D:1      | Reached XP level 3. HP: 14/33 MP: 3/3
  1217 | D:2      | Found a sacrificial altar of Ru.
  1487 | D:2      | Noticed Sigmund
  1516 | D:2      | Killed Sigmund
  1516 | D:2      | Reached XP level 4. HP: 34/41 MP: 4/4
  1516 | D:2      | Reached XP level 5. HP: 39/47 MP: 5/5
  1907 | D:2      | Reached skill level 5 in Unarmed Combat
  1923 | D:2      | Noticed Ijyb
  1952 | D:2      | Killed Ijyb
  1952 | D:2      | Reached XP level 6. HP: 40/53 MP: 6/6
  2357 | D:3      | You fall through a shaft for 2 floors!
  2357 | D:5      | Entered Level 5 of the Dungeon
  2603 | D:4      | Noticed Menkaure
  2629 | D:4      | Killed Menkaure
  2629 | D:4      | Reached skill level 5 in Fighting
  2891 | D:4      | Noticed Rsteiner's ghost (amateur NaTm)
  3345 | D:3      | Found a stormy altar of Qazlal.
  3370 | D:3      | Became a worshipper of Qazlal Stormbringer
  3370 | D:3      | Reached * piety under Qazlal
  3370 | D:3      | Reached ** piety under Qazlal
  3554 | D:3      | Your scales start taking on a weird mottled colour.
  3554 | D:3      | Reached XP level 7. HP: 61/63 MP: 7/7
  3884 | D:5      | Reached skill level 1 in Invocations
  4395 | D:5      | Found a staircase to the Ecumenical Temple.
  4792 | D:5      | Reached XP level 8. HP: 61/70 MP: 9/11
  4882 | D:6      | Reached skill level 5 in Invocations
  4908 | D:6      | Found an opulent altar of Gozag.
  4913 | D:6      | Reached *** piety under Qazlal
  5926 | D:6      | Noticed Blork the orc
  5935 | D:6      | Killed Blork the orc
  5935 | D:6      | Reached XP level 9. HP: 75/75 MP: 14/14
  6235 | D:7      | Noticed micr0chasm's ghost (novice DECj)
  6389 | D:7      | Got a bloodstained war axe
  6447 | D:7      | Killed micr0chasm's ghost
  6534 | D:7      | Found a hazy altar of Hepliaklqana.
  6897 | D:7      | Reached **** piety under Qazlal
  7108 | D:7      | Found a deep blue altar of Sif Muna.
  7244 | D:8      | Found a shattered altar of Ashenzari.
  7284 | D:8      | Reached skill level 10 in Unarmed Combat
  7435 | D:8      | Found a basalt altar of Yredelemnul.
  7716 | D:8      | Found a staircase to the Lair.
  7895 | D:9      | Learned a level 4 spell: Petrify
  8158 | D:9      | Reached XP level 10. HP: 83/83 MP: 17/17
  8405 | D:9      | Reached skill level 10 in Invocations
  8604 | D:10     | Entered Level 10 of the Dungeon
  8654 | D:10     | Noticed puissantveil's ghost (journeyman MiBe)
  8672 | D:10     | Reached ***** piety under Qazlal
  9163 | D:10     | Killed puissantveil's ghost
  9163 | D:10     | Reached skill level 5 in Dodging
  9280 | D:10     | Noticed Nergalle
  9288 | D:10     | Killed Nergalle
  9345 | D:10     | Found a staircase to the Orcish Mines.
 10021 | D:11     | Reached XP level 11. HP: 82/95 MP: 18/18
 10767 | D:11     | Noticed a hill giant
 10783 | D:11     | Killed a hill giant
 10783 | D:11     | Reached skill level 10 in Fighting
 10894 | D:11     | Noticed a hill giant
 10916 | D:11     | Killed a hill giant
 11539 | D:11     | Learned a level 1 spell: Infusion
 11545 | D:11     | Learned a level 3 spell: Regeneration
 11707 | D:12     | Noticed a deep elf mage
 11774 | D:12     | Killed a deep elf mage
 12012 | Lair:1   | Entered Level 1 of the Lair of Beasts
 12012 | Lair:1   | Noticed a seven-headed hydra
 12019 | Lair:1   | Noticed an eight-headed hydra
 12025 | Lair:1   | Killed a seven-headed hydra
 12030 | Lair:1   | Killed an eight-headed hydra
 12206 | Lair:1   | Found a sparkling altar of Nemelex Xobeh.
 12410 | Lair:1   | Reached XP level 12. HP: 41/107 MP: 19/19
 13332 | Lair:2   | Found a staircase to the Swamp.
 13868 | Lair:2   | Reached skill level 10 in Dodging
 14620 | Lair:3   | Noticed a five-headed hydra
 14629 | Lair:3   | Killed a five-headed hydra
 15216 | D:4      | Killed Rsteiner's ghost
 16006 | Lair:4   | Noticed a catoblepas
 16020 | Lair:4   | Killed a catoblepas
 16165 | Lair:4   | Reached XP level 13. HP: 114/114 MP: 20/20
 16571 | Lair:4   | Found a hole to the Spider Nest.
 17536 | Lair:5   | Reached ****** piety under Qazlal
 18312 | Lair:5   | Found a staircase to the Slime Pits.
 18313 | Lair:5   | Found a viscous altar of Jiyva.
 18796 | Lair:6   | Entered Level 6 of the Lair of Beasts
 18839 | Lair:5   | Reached skill level 1 in Shields
 18998 | Lair:5   | Reached skill level 2 in Shields
 19028 | Lair:5   | Reached skill level 3 in Shields
 19172 | Lair:5   | Reached skill level 4 in Shields
 19349 | Lair:5   | Reached skill level 5 in Shields
 19602 | Lair:6   | Reached skill level 6 in Shields
 19719 | Lair:5   | HP: 4/114 [blink frog (13)]
 19733 | Lair:5   | Reached skill level 7 in Shields
 20187 | Lair:6   | Reached XP level 14. HP: 106/122 MP: 22/22
 20351 | Lair:6   | Reached skill level 8 in Shields
 20528 | Lair:6   | Learned a level 1 spell: Apportation
 20813 | Lair:5   | Reached skill level 9 in Shields
 21111 | Lair:6   | Learned a level 1 spell: Summon Butterflies
 21173 | Lair:6   | Reached skill level 10 in Shields
 21846 | Lair:1   | Learned a level 2 spell: Blink
 22000 | Orc:1    | Entered Level 1 of the Orcish Mines
 22035 | Orc:1    | Noticed a stone giant
 22045 | D:10     | Reached skill level 1 in Spellcasting
 22272 | D:10     | Killed a stone giant
 22574 | Orc:2    | Entered Level 2 of the Orcish Mines
 22634 | Orc:2    | Reached skill level 11 in Shields
 22899 | Orc:2    | Noticed an orc warlord
 23557 | Orc:2    | Paralysed by an orc sorcerer for 5 turns
 23586 | Orc:2    | Paralysed by an orc sorcerer for 5 turns
 24070 | Orc:2    | Found a roughly hewn altar of Beogh.
 24074 | Orc:2    | Found Tesau's Antique Armour Shoppe.
 24107 | Orc:2    | Bought a pair of runed gloves for 231 gold pieces
 24150 | Orc:2    | Found Petuhiff's General Store.
 24152 | Orc:2    | Found a staircase to the Elven Halls.
 24152 | Orc:2    | Found Vagec's Jewellery Shoppe.
 24170 | Orc:2    | Found Bera's Antique Weapon Shoppe.
 24194 | Orc:2    | Bought a scroll of identify for 32 gold pieces
 24197 | Orc:2    | Bought a potion of curing for 48 gold pieces
 24576 | Orc:2    | Killed an orc warlord
 24960 | D:12     | Reached skill level 12 in Shields
 25993 | D:13     | Paralysed by a hornet for 2 turns
 26786 | D:13     | Reached XP level 15. HP: 127/127 MP: 23/23
 26790 | D:13     | Found a gate to the Vaults.
 27460 | D:14     | Reached skill level 13 in Shields
 28316 | D:15     | Entered Level 15 of the Dungeon
 28552 | Swamp:1  | Entered Level 1 of the Swamp
 28869 | Swamp:1  | Reached skill level 14 in Shields
 29645 | Swamp:2  | Noticed Frances
 29685 | Swamp:1  | Killed Frances
 30088 | Swamp:2  | Identified a scroll of acquirement
 30193 | Swamp:2  | Reached skill level 15 in Shields
 30618 | Swamp:3  | Noticed a thorn hunter
 30698 | Swamp:3  | Noticed korthal's ghost (adept OgHu)
 30724 | Swamp:2  | Killed a thorn hunter
 30776 | Swamp:3  | Noticed a thorn hunter
 30795 | Swamp:2  | Killed a thorn hunter
 31118 | Swamp:3  | HP: 5/190 [korthal's ghost (37)]
 31120 | Swamp:3  | Slain by korthal's ghost

Skill      XL: |  1  2  3  4  5  6  7  8  9 10 11 12 13 14 15 |
---------------+----------------------------------------------+-----
Dodging        | 3 4 6 9 11 12 | 12.0
Fighting       | 4 6 8 10 | 10.3
Unarmed Combat | 4 5 6 8 10 11 13 14 | 14.7
Invocations    | 4 7 9 10 | 10.9
Shields        | 7 12 15 | 15.0
Spellcasting   | 4 |  4.6
Stealth        | |  1.7
Evocations     | |  0.6

Action                   |  1- 3 |  4- 6 |  7- 9 | 10-12 | 13-15 || total
-------------------------+-------+-------+-------+-------+-------++-------
Melee: Unarmed           |   135 |   226 |   465 |   873 |  1633 ||  3332
       Tailslap          |    22 |    28 |    59 |   123 |   244 ||   476
       Punch             |     1 |     5 |    19 |    49 |     9 ||    83
Throw: Stone             |       |    40 |       |       |     1 ||    41
 Cast: Infusion          |       |       |       |       |     1 ||     1
Invok: Elemental Force   |       |       |     1 |     1 |     2 ||     4
       Upheaval          |       |       |       |       |     4 ||     4
 Abil: Breathe Sticky Fl |       |       |     8 |    35 |    82 ||   125
Evoke: Wand              |       |       |     2 |    11 |     9 ||    22
  Use: Potion            |     2 |     4 |     2 |     5 |     5 ||    18
       Scroll            |       |     1 |    18 |     7 |    12 ||    38
 Stab: Sleeping          |     1 |     3 |       |       |       ||     4
       Distracted        |       |       |       |       |     2 ||     2
  Eat: Chunk             |     2 |     7 |    13 |    28 |    52 ||   102
       Royal jelly       |       |       |     1 |     1 |     3 ||     5
       Beef jerky        |       |       |     1 |       |     3 ||     4
       Pizza             |       |       |       |     1 |       ||     1
       Fruit             |       |       |       |     2 |     3 ||     5
Armor: Skin              |    43 |    45 |    64 |   117 |   166 ||   435
Dodge: Dodged            |   110 |   156 |   245 |   466 |   644 ||  1621
       Deflected         |       |       |     1 |     2 |    18 ||    21
Block: Other             |       |     1 |    58 |   190 |    61 ||   310
       Shield            |       |       |       |       |  1210 ||  1210
